 Dungeon Crawl Stone Soup version 0.28-a0-957-g42eb19b844 (webtiles) character file.

Game seed: 12452797310245555341

817 yoda5477 the Chopper (level 7, -2/59 HPs)
             Began as a Red Draconian Fighter on Nov 30, 2021.
             Was an Initiate of the Shining One.
             Slain by an ogre (28 damage)
             ... on level 5 of the Dungeon.
             The game lasted 00:29:10 (5687 turns).

yoda5477 the Chopper (Red Draconian Fighter)        Turns: 5687, Time: 00:29:11

Health: -2/59      AC: 10    Str: 21    XL:     7   Next: 62%
Magic:  7/7        EV: 12    Int:  8    God:    the Shining One [......]
Gold:   261        SH:  4    Dex: 10    Spells: 6/6 levels left

rFire   + . .      SeeInvis .   a - +0 war axe
rCold   . . .      Faith    .   b - +0 buckler
rNeg    . . .      Spirit   .   (armour unavailable)
rPois   .          Reflect  .   (helmet restricted)
rElec   .          Harm     .   (no cloak)
rCorr   .          Rampage  .   (no gloves)
Will    .....                   (no boots)
Stlth   +.........              (no amulet)
HPRegen 0.19/turn               g - +4 ring of protection
MPRegen 0.10/turn               (no ring)

@: glowing
A: breathe fire, AC +6, unfitting armour, fire resistance 1, cold-blooded
a: Breathe Fire, Renounce Religion


You were on level 5 of the Dungeon.
You worshipped the Shining One.
The Shining One was noncommittal.
You visited 2 branches of the dungeon, and saw 7 of its levels.

You collected 261 gold pieces.

Inventory:

Hand Weapons
 a - a +0 war axe (weapon)
 n - a +2 dagger of venom
 p - a +0 broad axe
 q - a +0 fustibalus
 s - a +1 vorpal flail
 x - a +4 halberd
 y - a +0 flail of holy wrath
Missiles
 l - 109 stones
 o - 11 poisoned darts (quivered)
Armour
 b - a +0 buckler (worn)
Magical Staves
 i - a staff of fire
Jewellery
 g - a +4 ring of protection (left hand)
Wands
 r - a wand of acid (1)
 z - a wand of polymorph (12)
Scrolls
 e - a scroll of fear
 t - a scroll of silence {unknown}
 v - a scroll of fog {unknown}
 w - a scroll of amnesia {unknown}
 A - a scroll of teleportation {unknown}
Potions
 c - a potion of might
 d - a potion of cancellation
 f - 2 potions of brilliance
 h - a potion of lignification
 j - a potion of flight {unknown}
 k - a potion of mutation {unknown}
 m - a potion of attraction {unknown}
 u - a potion of curing
 B - a potion of degeneration {unknown}


   Skills:
 + Level 4.3 Fighting
 * Level 7.4 Axes
 + Level 3.8 Dodging
 - Level 4.0 Shields


You had 6 spell levels left.
You didn't know any spells.
Your spell library contained the following spells:

 Spells                   Type           Power      Damage    Failure   Level
 Pain                     Necr           0%         1d4       41%         1
 Sandblast                Erth           0%         2d4       41%         1
 Passwall                 Tmut/Erth      0%         N/A       54%         2
 Sublimation of Blood     Necr           0%         N/A       54%         2
 Stone Arrow              Conj/Erth      0%         3d7       78%         3
 Petrify                  Tmut/Erth      0%         N/A       99%         4
 Agony                    Necr           0%         N/A       100%        5
 Excruciating Wounds      Necr           0%         N/A       100%        5
 Irradiate                Conj/Tmut      0%         3d14      100%        5


Dungeon Overview and Level Annotations

Branches:
Dungeon (6/15)             Temple (1/1) D:4

Altars:
Dithmenos
Elyvilon
Fedhas
Makhleb
Nemelex Xobeh
Qazlal
Ru
Sif Muna
Vehumet
Wu Jian
Yredelemnul
The Shining One

Annotations:
D:4 exclusion: downstairs


Innate Abilities, Weirdness & Mutations

You can breathe blasts of fire.
Your fiery red scales are hard. (AC +6)
You cannot fit into any form of body armour.
Your flesh is heat resistant. (rF+)
You are cold-blooded and may be slowed by cold attacks.


Message History

You are glowing.
Your movement speed is average.
Your attack delay is about 1.1.
You see here a +0 giant club.
Unknown command.
Found 13 stones.
There is a stone staircase leading down here.
You climb downwards.
The gnoll shouts! x2
Found 2 scrolls of identify and a scroll labelled HIZYLOA VOSU.
There is a stone staircase leading up here.
You climb upwards.
There is a stone staircase leading down here.
Found 17 bolts.
l - 109 stones (gained 13)
There is a stone staircase leading down here.
There is a stone staircase leading down here.
You climb downwards.
The water moccasin hisses angrily.
Found a ring mail, 6 gold pieces, a robe and 20 stones.
There is a stone staircase leading up here.
The water moccasin closely misses you.
You climb upwards.
There is a stone staircase leading down here.
An ogre comes into view. It is wielding a +0 giant club.
The ogre shouts!
You slash the ogre!
The ogre is heavily wounded.
The ogre hits you with a +0 giant club!
You barely miss the ogre.
The ogre is heavily wounded.
You block the ogre's attack.
You hit the ogre.
Your tail-slap misses the ogre.
The ogre is heavily wounded.
The ogre hits you with a +0 giant club!!
You barely miss the ogre.
The ogre is heavily wounded.
You hit the ogre.
The ogre is severely wounded.
The ogre hits you with a +0 giant club!!
You die...

###########
...##.....# .....
..#.#.....# ....
..##......# ....
## ..#.#.....# #..
#.# .#.##...[.# #
.....# .##########
#.##.#.# .##
#..O...#
..######### #@#
..##......## #.#
..##.......# #.#
......###..#####.#
..#..>...........#
..#...###..#######
####.####..#
#.......#
#########


You could see an ogre.

Vanquished Creatures
  A hornet (D:5)
  2 ogres (D:5)
  A phantom (D:5)
  A bullfrog skeleton (D:4)
  2 centaur skeletons (D:5)
  Natasha (twice) (D:3)
  4 gnolls (D:4)
  A howler monkey skeleton (D:5)
  10 adders
  3 dart slugs (D:3)
  3 orcs
  6 ball pythons
  9 bats
  5 endoplasms
  7 giant cockroaches
  14 hobgoblins
  7 kobolds
  2 quokkas
  5 frilled lizards
  12 goblins
  5 rats
102 creatures vanquished.

Notes
Turn   | Place    | Note
-------+----------+-------------------------------------------
     0 | D:1      | yoda5477 the Draconian Fighter began the quest for the Orb.
     0 | D:1      | Reached XP level 1. HP: 19/19 MP: 1/1
    15 | D:1      | Found a faded altar of an unknown god.
   274 | D:1      | Reached XP level 2. HP: 26/26 MP: 2/2
   771 | D:1      | Reached XP level 3. HP: 31/31 MP: 3/3
  1209 | D:2      | Reached skill level 3 in Axes
  1409 | D:2      | Reached XP level 4. HP: 38/38 MP: 4/4
  1762 | D:2      | Reached skill level 4 in Axes
  2225 | D:3      | Reached XP level 5. HP: 13/45 MP: 5/5
  2920 | D:3      | Found an ornate altar of the Wu Jian Council.
  2920 | D:3      | Found a blossoming altar of Fedhas.
  3114 | D:3      | Noticed Natasha
  3122 | D:3      | Killed Natasha
  3317 | D:3      | Noticed Natasha
  3324 | D:3      | Killed Natasha
  3425 | D:4      | Reached skill level 5 in Axes
  3824 | D:4      | Reached XP level 6. HP: 48/51 MP: 6/6
  4221 | D:5      | Entered Level 5 of the Dungeon
  4432 | D:4      | Found a staircase to the Ecumenical Temple.
  4443 | Temple   | Entered the Ecumenical Temple
  4571 | Temple   | Became a worshipper of the Shining One
  4929 | D:5      | Noticed a hornet
  4942 | D:5      | HP: 2/52 [hornet (11)]
  4944 | D:5      | Killed a hornet
  4945 | D:5      | Reached skill level 6 in Axes
  5243 | D:5      | Your scales start taking on a fiery red colour.
  5243 | D:5      | Reached XP level 7. HP: 48/58 MP: 7/7
  5243 | D:5      | Gained mutation: Your flesh is heat resistant. (rF+) [Red
                  | Draconian growth]
  5353 | D:5      | Reached skill level 7 in Axes
  5687 | D:5      | Slain by an ogre

Illustrated notes

Levels and vault maps discovered:
D:1:      wander_arrival_lonely_grave, layout_loops_ring,
          ebering_ecumenical_altar_sacrificial, grunt_decor_fettered
D:2:      cheibrodos_greedy_goblins, layout_basic
D:3:      layout_loops_ring, gammafunk_temple_overflow_pools, uniq_natasha
D:4:      layout_loops_corners, temple_statues, enter_ossuary_1
D:5:      layout_loops_cross, mainiacjoe_overflow_divided_tiny, uniq_edmund,
          uniq_blork_the_orc, uniq_crazy_yiuf_cottage
D:6:      layout_rooms, trog_butcher_becter, mainiacjoe_overflow_cross_hatched,
          serial_shops, nicolae_shop_advertising_works
          [nicolae_subvault_shop_adworks]
Temple:   eino_wide_crystal_templ

Skill      XL: |  1  2  3  4  5  6  7 |
---------------+----------------------+-----
Dodging        | 3 |  3.8
Axes           | 3 4 5 6 7 |  7.4
Fighting       | 4 |  4.3
Shields        | 4 |  4.0

Action                   |  1- 3 |  4- 6 |  7- 9 || total
-------------------------+-------+-------+-------++-------
Melee: War axe           |   104 |   168 |    31 ||   303
       Tailslap          |     9 |    23 |     5 ||    37
Throw: Stone             |       |    10 |       ||    10
       Dart              |       |       |     3 ||     3
Evoke: Wand              |       |     3 |       ||     3
  Use: Scroll            |       |     5 |       ||     5
       Potion            |       |     1 |       ||     1
Armor: Skin              |    36 |    39 |    12 ||    87
Dodge: Dodged            |    72 |   106 |    11 ||   189
Block: Buckler           |    27 |    35 |     4 ||    66

Table legend: (Time is in decaauts)
 A = Elapsed time spent in this place.
 B = Non-inter-level travel time spent in this place.
 C = Inter-level travel time spent in this place.
 D = Time resting spent in this place.
 E = Time spent auto-exploring this place.
 F = Levels seen in this place.
 G = Mean time per level.
                   A        B        C        D        E       F      G
               +--------+--------+--------+--------+--------+-----+--------+
         Total |   5799 |   5589 |    210 |   1997 |   2170 |   7 |  828.4 |
       Dungeon |   5660 |   5458 |    202 |   1997 |   2133 |   6 |  943.3 |
        Temple |    139 |    131 |      8 |      0 |     37 |   1 |  139.0 |
               +--------+--------+--------+--------+--------+-----+--------+

Top non-repeatable levels by time:
     D:4: 1598 daAuts
     D:3: 1414 daAuts
     D:1: 1130 daAuts
     D:2: 921 daAuts
     D:5: 585 daAuts
  Temple: 139 daAuts
     D:6: 9 daAuts
